AoeStats
← ¬koJ

Lombardia

509252203Analyzed
3v3 RM · 7d ago on Sep 26, 2026· 60m 19s· 6 players
Game mode
Random Map
Map size
Normal (6 player)
Population
200
Speed
Normal
Resources
Standard
Victory
Conquest
Starting age
Dark Age
Ending age
Imperial Age
RankedLock teamsTeams togetherTeam positionsShared explorationLock speedFull tech treeHidden civsTurbo modeCheats
Victory
Defeat
🇧🇷 Hindustanis · Brazil
1076
+17
🇧🇷 Britons · Brazil
1069
+17
🇧🇷 Slavs · Brazil
1049
+18
🇧🇷 Mongols · Brazil
1265
-25
🇧🇷 Persians · Brazil
1019
-14
🇧🇷 Franks · Brazil
977
-13
Zulks
10:26 Loom
12:12 Feudal Age
18:50 Castle Age
19:52 Bloodlines
20:43 Husbandry
21:59 Gold Mining
24:08 Double-Bit Axe
27:51 Horse Collar
29:59 Wheelbarrow
30:01 Scale Barding Armor
31:54 Fletching
32:44 Forging
39:17 Town Watch
40:54 Bow Saw
42:17 Chain Barding Armor
42:54 Arson
48:17 Imperial Age
48:28 Iron Casting
48:20 Heavy Camel Rider
48:34 Siege Elephant
50:35 Plate Barding Armor
50:50 Imperial Camel Rider
53:37 Conscription
57:57 Shatagni
59:49 Blast Furnace
¬koJ
11:36 Feudal Age
12:04 Double-Bit Axe
12:03 Horse Collar
17:09 Loom
20:01 Castle Age
18:44 Fletching
18:48 Gold Mining
18:52 Stone Mining
22:03 Bow Saw
23:44 Heavy Plow
26:40 Fervor
27:08 Bodkin Arrow
28:21 Wheelbarrow
28:17 Town Watch
29:37 Hand Cart
30:03 Padded Archer Armor
33:22 Imperial Age
31:59 Town Patrol
32:26 Ballistics
33:14 Leather Archer Armor
33:32 Masonry
33:36 Elite Longbowman
34:37 Conscription
33:54 Elite Skirmisher
36:00 Bracer
36:08 Warwolf
36:31 Yeomen
38:40 Chemistry
39:35 Ring Archer Armor
44:05 Scale Mail Armor
44:15 Forging
45:55 Caravan
48:21 Two-Man Saw
48:00 Gold Shaft Mining
57:35 Architecture
Nebrown#1 JUGGERNAUT
9:10 Loom
11:24 Feudal Age
13:07 Horse Collar
16:21 Castle Age
14:11 Double-Bit Axe
15:24 Horse Collar
20:36 Wheelbarrow
24:48 Husbandry
31:33 Imperial Age
29:51 Scale Mail Armor
30:02 Forging
30:08 Heavy Plow
30:31 Stone Mining
30:31 Gold Mining
31:01 Chain Mail Armor
30:57 Gold Mining
30:44 Man-at-Arms
31:25 Squires
32:03 Iron Casting
31:51 Long Swordsman
32:34 Elite Skirmisher
33:02 Two-Handed Swordsman
34:53 Fletching
36:46 Plate Mail Armor
39:12 Blast Furnace
39:49 Bodkin Arrow
41:36 Chemistry
41:18 Conscription
41:27 Masonry
41:13 Murder Holes
41:57 Hand Cart
41:51 Pikeman
42:47 Padded Archer Armor
42:47 Champion
44:17 Detinets
44:20 Halberdier
46:08 Hand Cart
46:52 Town Watch
47:44 Druzhina
48:37 Capped Ram
50:26 Hoardings
49:33 Elite Boyar
54:33 Crop Rotation
54:57 Siege Ram
56:08 Sappers
58:14 Caravan
60:13 Town Patrol
JUNIOR_DEMON_KUKAH
7:40 Loom
9:51 Feudal Age
14:35 Bloodlines
18:33 Wheelbarrow
21:19 Castle Age
20:07 Scale Barding Armor
20:14 Forging
21:25 Pikeman
22:57 Gambesons
23:12 Squires
23:53 Gambesons
24:58 Iron Casting
24:15 Gambesons
27:38 Husbandry
27:59 Chain Barding Armor
29:40 Horse Collar
30:29 Fervor
30:52 Arson
38:52 Imperial Age
36:15 Double-Bit Axe
36:31 Heavy Plow
36:24 Gold Mining
37:49 Hand Cart
39:31 Gold Shaft Mining
38:34 Cavalier
40:27 Crop Rotation
40:10 Bow Saw
40:49 Plate Barding Armor
41:16 Blast Furnace
41:22 Block Printing
42:00 Savar
43:40 Halberdier
48:53 Two-Man Saw
48:57 Theocracy
58:14 Conscription
59:15 Hoardings
58:10 Sappers
59:16 Hoardings
59:48 Gambesons
ANDREZZA_KUKAH
7:38 Loom
11:13 Feudal Age
13:44 Double-Bit Axe
14:52 Wheelbarrow
16:34 Forging
22:31 Castle Age
20:49 Scale Barding Armor
25:08 Town Watch
27:37 Gold Mining
28:11 Husbandry
29:47 Iron Casting
29:34 Chain Barding Armor
31:22 Town Patrol
32:45 Gold Shaft Mining
37:38 Imperial Age
38:11 Ordonnance Companies
40:50 Murder Holes
42:55 Blast Furnace
42:31 Plate Barding Armor
43:46 Chivalry
43:10 Light Cavalry
47:56 Gambesons
48:11 Squires
50:22 Cavalier
52:09 Man-at-Arms
[RZ] rj.renan
4:11 Loom
10:49 Feudal Age
12:34 Double-Bit Axe
15:25 Bloodlines
22:10 Castle Age
21:39 Scale Barding Armor
22:20 Fletching
22:30 Padded Archer Armor
24:13 Chain Barding Armor
24:23 Pikeman
25:17 Bodkin Arrow
26:14 Bow Saw
26:31 Crossbowman
27:02 Horse Collar
27:50 Gold Mining
29:32 Husbandry
30:31 Leather Archer Armor
32:28 Ballistics
32:48 Gold Shaft Mining
32:50 Thumb Ring
39:21 Imperial Age
40:31 Parthian Tactics
40:23 Heavy Cavalry Archer
40:47 Light Cavalry
41:41 Elite Skirmisher
43:50 Bracer
44:22 Conscription
46:03 Chemistry
55:14 Hussar
Connection lost

Rejoining the realm…

Still unreachable

The connection could not be restored.

Session expired

The server has moved on; the page needs a fresh start.